 Dungeon Crawl Stone Soup version 0.26-a0-504-g0cf647090d (webtiles) character file.

Game seed: 10933375924144635285

7 Ge0ff the Grasshopper (level 2, 0/23 HPs)
             Began as a Barachi Warper on Aug 8, 2020.
             Slain by a hound (2 damage)
             ... on level 5 of the Dungeon.
             The game lasted 00:02:28 (309 turns).

Ge0ff the Grasshopper (Barachi Warper)               Turns: 309, Time: 00:02:29

Health: 0/23       AC:  6    Str: 12    XL:     2   Next: 4%
Magic:  5/5        EV: 11    Int: 13    God:
Gold:   6          SH:  0    Dex: 11    Spells: 5/5 levels left

rFire    . . .     SeeInvis .     - Unarmed
rCold    . . .     Faith    .   (no shield)
rNeg     . . .     Spirit   .   H - +0 ring mail
rPois    .         Reflect  .   (no helmet)
rElec    .         Harm     .   K - +0 cloak
rCorr    .                      (no gloves)
MR       .....                  (no boots)
Stlth    +.........             (no amulet)
HPRegen  0.07/turn              (no ring)
MPRegen  0.09/turn              (no ring)

@: flying, very slightly contaminated, invisible, slow
A: +LOS, swims, slowness 1, strong legs 1
a: Hop


You were on level 5 of the Dungeon.
You visited 1 branch of the dungeon, and saw 5 of its levels.

You collected 6 gold pieces.

Inventory:

Missiles
 d - 2 boomerangs of dispersal (quivered) {don't train}
 D - 20 stones {don't train}
Armour
 a - a +0 leather armour
 H - a +0 ring mail (worn)
 K - a +0 cloak (worn)
Jewellery
 C - an uncursed ring of fire
Scrolls
 B - a scroll of blinking
 F - a scroll of identify {unknown}
 I - 2 scrolls of teleportation {unknown}


   Skills:
 - Level 2.4 Fighting
 - Level 1.0 Throwing
 - Level 1.2 Armour
 - Level 2.1 Dodging
 + Level 1.0 Stealth
 + Level 2.6 Unarmed Combat
 - Level 2.1 Spellcasting
   Level 3.2 Translocations


You had 5 spell levels left.
You didn't know any spells.
Your spell library contained the following spells:

 Spells                   Type           Power        Failure   Level
 Blink                    Tloc           N/A          22%         2
 Gell's Gravitas          Tloc           #.........   41%         3
 Lesser Beckoning         Tloc           #.........   41%         3
 Teleport Other           Tloc           #.......     41%         3
 Passage of Golubria      Tloc           N/A          82%         4


Dungeon Overview and Level Annotations

Branches:
Dungeon (5/15)
 Temple: D:4-7

Altars:


Innate Abilities, Weirdness & Mutations

You can be seen from farther away. (+LOS)
You can swim through water.
You cover ground slowly.
You can hop short distances.


Message History

The hound bites you but does no damage. The hound bites you.
* * * LOW HITPOINT WARNING * * *
You hit the hound.
The hound is almost dead.
The hound bites you but does no damage.
Your ring mail prevents you from hitting the hound.
The hound is almost dead.
The hound bites you.
* * * LOW HITPOINT WARNING * * *
The hound closely misses you.
You barely miss the hound.
The hound is almost dead.
The hound bites you but does no damage.
You closely miss the hound.
The hound is almost dead.
The hound barely misses you.
You hit the hound but do no damage.
The hound is almost dead.
The hound bites you.
You die...

######### #.......#
#.......# #.<.....#
#.......#
##.......#
########........##
......Jh@..<......#
.....####..).......
... #.?........
#.........#
..........#
..........#
..........
.#.#######. ....


You could see a hound and an ooze.

Vanquished Creatures
  A hobgoblin (D:1)
  2 jackals (D:1)
  A frilled lizard (D:1)
  2 goblins (D:1)
  A rat (D:3)
7 creatures vanquished.

Notes
Turn   | Place    | Note
-------+----------+-------------------------------------------
     0 | D:1      | Ge0ff the Barachi Warper began the quest for the Orb.
     0 | D:1      | Reached XP level 1. HP: 17/17 MP: 3/3
   132 | D:1      | Reached skill level 1 in Stealth
   132 | D:1      | Reached XP level 2. HP: 20/23 MP: 5/5
   273 | D:5      | Entered Level 5 of the Dungeon
   309 | D:5      | Slain by a hound

Illustrated notes

Levels and vault maps discovered:
D:1:      mrwooster_arrival_statue_3, layout_basic
D:2:      layout_rooms, chequers_temple_overflow_statue_of_worship, uniq_sigmund
D:3:      layout_loops_ring, xom_butterflies, kennysheep_doodads
D:4:      layout_gridville, kennysheep_little_box, cheibriados_altar_1,
          serial_shops, nicolae_shop_stone
D:5:      layout_rooms, minmay_bent

Skill      XL: |  1 |
---------------+----+-----
Stealth        | 1 |  1.0
Fighting       | |  2.4
Throwing       | |  1.0
Armour         | |  1.2
Dodging        | |  2.1
Unarmed Combat | |  2.6
Spellcasting   | |  2.1
Translocations | |  3.2

Action                   || total
-------------------------++-------
Melee: Unarmed           ||    59
       Punch             ||     1
Throw: Boomerang         ||     3
  Use: Potion            ||     3
Armor: Ring mail         ||    23
       Leather armour    ||     1
Dodge: Dodged            ||    30

Table legend: (Time is in decaauts)
 A = Elapsed time spent in this place.
 B = Non-inter-level travel time spent in this place.
 C = Inter-level travel time spent in this place.
 D = Time resting spent in this place.
 E = Time spent auto-exploring this place.
 F = Levels seen in this place.
 G = Mean time per level.
                   A        B        C        D        E       F      G
               +--------+--------+--------+--------+--------+-----+--------+
         Total |    344 |    344 |      0 |      0 |      0 |   5 |   68.8 |
       Dungeon |    344 |    344 |      0 |      0 |      0 |   5 |   68.8 |
               +--------+--------+--------+--------+--------+-----+--------+

Top non-repeatable levels by time:
     D:1: 164 daAuts
     D:4: 79 daAuts
     D:3: 47 daAuts
     D:5: 37 daAuts
     D:2: 15 daAuts
